Map: Ruins of Seras

Players

Neurospark

  • Race: Zerg Zerg

Saadistic - Winner!

  • Race: Protoss Protoss
  • League: Platinum

VOD

Have the link to the VOD?

Description

Time

  • Played on: Nov. 18, 2015, 1:54 a.m.
  • Length: 12:16
Show
View Real Time Build Order
Export as new Build Order

Neurospark Zerg 

Build Orders: Pool First 

Get SALT Encoding   

  12  0:02  Drone  
  13  0:15  Drone  
  13  0:18  Overlord  
  14  0:28  Drone, Extractor  
  14  0:42  Spawning Pool  
  14  0:52  Drone  
  14  0:53  Drone x2  
  17  1:10  Extractor  
  16  1:12  Extractor  
  15  1:21  Hatchery  
  15  1:31  Queen  
  16  1:45  Drone x2  
  16  1:46  Drone  
  19  2:03  Drone  
  20  2:36  Queen  
  22  2:37  Drone  
  22  2:38  Drone x3  
  22  2:41  Lair  
  26  2:56  Drone x2  
  26  2:58  Overlord  
  28  3:02  Overlord  
  28  3:20  Drone x4  
  28  3:21  Drone  
  33  3:28  Extractor  
  33  3:30  Extractor  
  31  3:36  Zergling x6  
  27  3:52  Zergling x6  
  27  3:53  Zergling x2  
  26  4:19  Drone x4  
  29  4:38  Spire  
  28  4:40  Drone x2  
  30  4:53  Drone x2  
  30  4:54  Drone x2  
  34  5:00  Drone x2  
  34  5:04  Drone  
  37  5:13  Queen  
  39  5:21  Drone x2  
  39  5:22  Drone  
  42  5:40  Zergling x4  
  42  5:48  Overlord  
  36  5:54  Mutalisk x4  
  36  5:55  Mutalisk  
  36  6:33  Mutalisk x4  
  36  6:34  Mutalisk  
  46  6:45  Queen  
  48  7:01  Drone x4  
  52  7:12  Overlord  
  52  7:33  Drone x4  
  52  7:34  Drone x3  
  59  8:05  Hydralisk Den  
  58  8:14  Extractor  
  57  8:22  Mutalisk  
  59  8:28  Overlord  
  59  8:29  Overlord  
  59  8:30  Overlord  
  59  8:34  Overseer x2  
  59  8:49  Mutalisk x2  
  59  8:50  Mutalisk x5  
  73  8:56  Hatchery  
  72  9:20  Zergling x8  
  72  9:21  Zergling x10  
  72  9:22  Zergling x2  
  66  10:04  Hatchery  
  65  10:44  Mutalisk  
  65  10:45  Hydralisk x5  
  77  10:58  Queen  
  77  11:00  Hydralisk  
  77  11:01  Hydralisk  
  84  11:25  Drone x2  
  84  11:26  Drone x3  
  84  11:31  Hatchery  
  87  11:33  Hydralisk  
  87  11:37  Overlord  
  87  11:38  Overlord  
  89  11:47  Overlord  
  89  11:48  Overlord  
Show
View Real Time Build Order
Export as new Build Order

Saadistic Protoss - Winner!

Build Orders:  

Get SALT Encoding   

  12  0:01  Probe (Chrono Boost)  
  13  0:14  Pylon  
  13  0:18  Probe (Chrono Boost)  
  14  0:28  Probe (Chrono Boost)  
  15  0:39  Probe (Chrono Boost)  
  15  0:41  Gateway  
  16  0:49  Probe (Chrono Boost)  
  17  0:51  Assimilator  
  17  0:57  Assimilator  
  17  1:00  Probe (Chrono Boost)  
  19  1:11  Probe (Chrono Boost)  
  19  1:12  Pylon  
  19  1:22  Probe (Chrono Boost)  
  20  1:29  Cybernetics Core  
  20  1:34  Zealot (Chrono Boost)  
  20  1:39  Probe  
  23  1:51  Probe  
  24  2:03  Probe  
  24  2:06  Adept (Chrono Boost)  
  27  2:09  Warp Gate (Chrono Boost)  
  29  2:15  Mothership Core  
  29  2:27  Pylon  
  29  2:33  Adept (Chrono Boost)  
  31  2:45  Probe  
  32  2:57  Probe, Nexus  
  33  3:03  Adept (Chrono Boost)  
  35  3:12  Probe  
  36  3:18  Pylon  
  36  3:30  Adept (Chrono Boost)  
  38  3:42  Probe  
  39  3:54  Probe, Adept (Chrono Boost)  
  42  3:56  Gateway  
  42  3:57  Gateway  
  42  4:05  Pylon  
  42  4:06  Probe  
  43  4:16  Probe, Assimilator  
  43  4:19  Probe  
  43  4:21  Assimilator  
  45  4:30  Probe, Pylon  
  45  4:33  Probe  
  47  4:41  Probe  
  47  4:43  Robotics Facility  
  49  4:45  Probe  
  49  4:51  Probe  
  49  4:57  Probe  
  49  4:59  Adept x2  
  55  5:02  Probe  
  56  5:09  Probe  
  56  5:12  Probe  
  57  5:20  Adept x3  
  64  5:22  Probe  
  64  5:23  Probe  
  66  5:33  Probe  
  66  5:34  Probe, Observer  
  66  5:35  Twilight Council  
  69  6:01  Probe  
  69  6:02  Probe  
  71  6:06  Adept x3  
  77  6:11  Probe  
  77  6:15  Pylon  
  77  6:16  Pylon x2  
  78  6:25  Probe  
  78  6:27  Probe  
  78  6:34  Pylon  
  78  6:36  Probe, Pylon  
  78  6:37  Stargate  
  78  6:38  Pylon  
  78  6:39  Probe  
  80  6:41  Templar Archives  
  80  6:42  Stalker  
  80  6:43  Stalker x2  
  80  6:46  Probe  
  86  6:50  Blink  
  86  6:51  Probe  
  88  6:57  Probe  
  89  7:03  Gateway  
  89  7:04  Probe  
  89  7:06  Stalker  
  89  7:07  Probe  
  89  7:08  Stalker  
  95  7:16  Probe  
  95  7:17  High Templar  
  96  7:36  Stalker x2  
  100  7:38  Phoenix  
  100  7:39  Probe  
  100  7:40  Probe  
  95  7:55  Nexus  
  95  7:59  High Templar, Assimilator  
  95  8:00  High Templar  
  95  8:01  Assimilator  
  95  8:04  Pylon, Archon  
  99  8:06  Probe  
  99  8:07  Probe  
  101  8:16  Probe  
  101  8:19  Probe  
  103  8:20  Phoenix  
  103  8:23  High Templar x2  
  109  8:27  Archon  
  109  8:30  Gateway  
  109  8:31  Gateway  
  109  8:33  Probe  
  109  8:35  Gateway, Probe  
  111  8:42  High Templar x2  
  111  8:46  Archon  
  115  8:52  Probe  
  115  8:54  Probe  
  117  8:58  High Templar x2  
  121  9:02  Archon  
  121  9:12  Pylon  
  115  9:46  High Templar x2  
  115  9:47  High Templar x2  
  115  9:50  Archon  
  115  9:51  Archon  
  115  9:52  Probe  
  123  9:53  Probe  
  123  9:54  Probe  
  126  10:02  Probe  
  126  10:05  Probe x2  
  129  10:12  Phoenix  
  131  10:18  High Templar  
  131  10:19  High Templar  
  131  10:20  Zealot x3, High Templar x2  
  145  10:23  Archon  
  145  10:24  Probe, Archon  
  145  10:26  Probe  
  147  10:29  Pylon  
  147  10:33  Pylon  
  147  10:34  Pylon  
  145  10:36  Pylon  
  143  10:43  High Templar x2  
  143  10:47  Probe, Archon  
  143  10:48  Probe  
  149  10:55  Gateway x2  
  149  10:57  Zealot x3  
  149  10:58  Zealot x2  
  159  11:07  Probe x2  
  159  11:08  Probe  
  162  11:18  Forge  
  162  11:19  Forge  
  162  11:23  Forge  
  162  11:25  Gateway  
  162  11:27  Gateway  
  162  11:33  High Templar  
  162  11:34  High Templar  
  162  11:35  High Templar x2, Assimilator  
  162  11:36  Zealot x3  
  162  11:38  Nexus  
  176  11:41  Assimilator  
  176  11:45  Pylon  
  176  11:46  Archon  
  176  11:48  Archon  
Tags
 
Add a new tag
Caveats
  • Supply blocks, unpowered buildings, or Contaminate may cause inaccurate times.
  • Supply counts are checked every 10 seconds.